 Dungeon Crawl Stone Soup version 0.20.1-1-g8b1a95d (webtiles) character file.

1548 Kunitse the Slasher (level 8, -1/70 HPs)
             Began as a White Draconian Berserker on Oct 7, 2017.
             Was a Priest of Trog.
             Slain by a wight
             ... wielding a cursed +4 hand axe of freezing
              (2 damage)
             ... on level 7 of the Dungeon on Oct 8, 2017.
             The game lasted 00:24:45 (7363 turns).

Kunitse the Slasher (White Draconian Berserker)     Turns: 7363, Time: 00:24:47

Health: -1/70      AC:  9    Str: 21    XL:     8   Next: 57%
Magic:  8/8        EV: 13    Int:  8    God:    Trog [***...]
Gold:   358        SH:  0    Dex: 11    Spells: 7/7 levels left

rFire    . . .     SeeInvis .   m - +0 long sword
rCold    + . .     Gourm    +   (no shield)
rNeg     . . .     Faith    .   (armour unavailable)
rPois    .         Spirit   .   (helmet restricted)
rElec    .         Reflect  .   (no cloak)
rCorr    .         Harm     .   (no gloves)
MR       ++...                  y - +2 pair of boots
Stlth    ++........             r - amulet of the gourmand
Regen    1.3/turn               (no ring)
MPRegen  0.2/turn               (no ring)

@: berserk cooldown, very slightly contaminated, regenerating, slowed, heavily
drained, invisible, very slow
A: breathe frost, unfitting armour, cold resistance 1, cold-blooded, AC +6
a: Breathe Frost, Berserk, Trog's Hand, Burn Spellbooks, Renounce Religion


You were on level 7 of the Dungeon.
You worshipped Trog.
Trog was most pleased with you.
You were not hungry.

You visited 1 branch of the dungeon, and saw 7 of its levels.

You collected 358 gold pieces.

Inventory:

Hand Weapons
 m - a +0 long sword (weapon)
Armour
 y - a +2 pair of boots (worn)
Jewellery
 j - an uncursed ring of stealth {unknown}
 r - an amulet of the gourmand (around neck)
 v - a +5 ring of dexterity {unknown}
Scrolls
 c - 2 scrolls of enchant weapon {unknown}
 e - 4 scrolls of remove curse {unknown}
 g - 3 scrolls of teleportation {unknown}
 h - 2 scrolls of fog {unknown}
 i - 2 scrolls of blinking {unknown}
 l - 4 scrolls of random uselessness {unknown}
 o - 7 scrolls of identify {unknown}
 t - a scroll of fear {unknown}
 w - a scroll of amnesia {unknown}
 x - 2 scrolls of magic mapping {unknown}
 z - 2 scrolls of recharging {unknown}
 A - a scroll of enchant armour {unknown}
Potions
 d - 2 potions of brilliance {unknown}
 k - 2 potions of curing
 p - a potion of flight {unknown}
 q - a potion of might {unknown}
 s - 3 potions of mutation {unknown}
 u - a potion of berserk rage {unknown}
Comestibles
 b - 5 bread rations
 f - 3 meat rations
 n - 4 royal jellies


   Skills:
 + Level 6.2(4.1) Fighting
 * Level 6.4(4.3) Long Blades
   Level 3.3(1.4) Maces & Flails
 + Level 4.9(2.9) Dodging
 + Level 5.0(2.9) Stealth


You had 7 spell levels left.
You didn't know any spells.

Dungeon Overview and Level Annotations

Branches:
Dungeon (7/15)             Temple (0/1) D:7

Altars:
Ashenzari
Hepliaklqana

Shops:
D:6 *

Annotations:
D:7 Nachtmaan's ghost, novice MiBe


Innate Abilities, Weirdness & Mutations

You can breathe waves of freezing cold.
You can buffet flying creatures when you breathe cold.
Your icy white scales are hard. (AC +6)
You cannot fit into any form of body armour.
Your flesh is cold resistant. (rC+)
You are cold-blooded and may be slowed by cold attacks.


Message History

The wight barely misses you. x2
You climb downwards.
Level annotation: Nachtmaan's ghost, novice MiBe
There is a stone staircase leading up here.
Your skin crawls.
You feel resistant to hostile enchantments.
You can no longer call in reinforcements.
The wight hits you with a hand axe of freezing.
* * * LOW HITPOINT WARNING * * *
The wight freezes you.
* * * LOW HITPOINT WARNING * * *
The wight hits you with a hand axe of freezing.
* * * LOW HITPOINT WARNING * * *
It was a potion of curing.
You feel better.
The wight hits you with a hand axe of freezing!
* * * LOW HITPOINT WARNING * * *
You feel drained.
* * * LOW HITPOINT WARNING * * *
The wight freezes you.
You die...

##### ### #...### ###.# #...'.#
#.... ##...#.## ########### #....
.#####..# #.........# #....
#######.########.#######.####.#.#
........##....................#.#
###.)........#...###.............
...............z@....###.#####..#
....###.###.##...###.# #.# #..#
....###.###.###..# #.# #.# ##..#
###.##...........###.###.# #...#
# #.##..#.#.####.........# #.#.#
#######.### ########### #.#.#
♣♣♣.♣ ##### ♣♣...♣ # ♣♣..♣♣♣
♣♣♣♣♣♣♣♣♣♣♣


You could see a wight.

Vanquished Creatures
  Sigmund (D:2)
  2 orc warriors (D:7)
  An ogre (D:3)
  A centaur (D:6)
  A scorpion (D:5)
  A wight (D:6)
  11 crimson imps
  A jelly (D:7)
  3 orc wizards
  A centaur skeleton (D:6)
  3 worker ants
  A killer bee zombie (D:7)
  A hound skeleton (D:6)
  10 gnolls
  10 adders
  3 shadow imps
  A white imp (D:7)
  2 oozes
  An adder skeleton (D:4)
  3 worms
  A dart slug (D:1)
  3 leopard geckos
  6 orcs
  8 giant cockroaches
  12 goblins
  8 hobgoblins
  7 jackals
  10 kobolds
  2 quokkas
  4 bats
  6 frilled lizards
  A leopard gecko zombie (D:6)
  A quokka skeleton (D:5)
  6 rats
133 creatures vanquished.

Notes
Turn   | Place    | Note
-------+----------+-------------------------------------------
     0 | D:1      | Kunitse the Draconian Berserker began the quest for the Orb.
     0 | D:1      | Reached XP level 1. HP: 19/19 MP: 1/1
   136 | D:1      | Reached XP level 2. HP: 26/26 MP: 2/2
   372 | D:1      | Reached skill level 1 in Stealth
   937 | D:2      | Reached XP level 3. HP: 28/31 MP: 3/3
  1054 | D:2      | Reached ** piety under Trog
  1350 | D:2      | Reached skill level 1 in Long Blades
  1358 | D:2      | Reached XP level 4. HP: 18/40 MP: 4/4
  1830 | D:2      | Noticed Sigmund
  1847 | D:2      | Killed Sigmund
  1847 | D:2      | Reached XP level 5. HP: 6/47 MP: 5/5
  1847 | D:2      | Reached XP level 6. HP: 7/53 MP: 6/6
  2913 | D:3      | Found a shattered altar of Ashenzari.
  3263 | D:4      | Reached *** piety under Trog
  3606 | D:4      | Your scales start taking on an icy white colour.
  3606 | D:4      | Reached XP level 7. HP: 58/60 MP: 7/7
  3606 | D:4      | Gained mutation: Your flesh is cold resistant. (rC+) [White Draconian growth]
  4207 | D:5      | Entered Level 5 of the Dungeon
  4217 | D:5      | Reached skill level 5 in Fighting
  5441 | D:6      | Found Caytham's Assorted Antiques.
  5566 | D:6      | Reached skill level 5 in Long Blades
  6048 | D:7      | Reached XP level 8. HP: 69/69 MP: 8/8
  6116 | D:7      | Found a hazy altar of Hepliaklqana.
  6180 | D:7      | Found a staircase to the Ecumenical Temple.
  6373 | D:7      | Reached **** piety under Trog
  6817 | D:7      | Noticed Nachtmaan's ghost (novice MiBe)
  6853 | D:7      | HP: 2/70 [Nachtmaan's ghost (14)]
  7349 | D:6      | Reached skill level 5 in Stealth
  7363 | D:7      | HP: 1/70 [wight/hand axe of freezing (5)]
  7363 | D:7      | Slain by a wight

Skill      XL: |  1  2  3  4  5  6  7  8 |
---------------+-------------------------+-----
Stealth        | 1 2 3 4 5 |  5.0
Dodging        | 3 4 |  4.9
Long Blades    | 1 3 4 5 6 |  6.4
Fighting       | 4 5 6 |  6.2
Maces & Flails | |  3.3

Action                   |  1- 3 |  4- 6 |  7- 9 || total
-------------------------+-------+-------+-------++-------
Melee: Mace              |    84 |       |       ||    84
       Tailslap          |    14 |    16 |    35 ||    65
       Long sword        |    31 |   130 |   199 ||   360
Invok: Berserk           |     2 |     3 |     7 ||    12
       Burn Spellbooks   |       |     1 |     1 ||     2
       Trog's Hand       |       |       |     3 ||     3
  Use: Potion            |       |       |     2 ||     2
 Stab: Sleeping          |     2 |     4 |     2 ||     8
  Eat: Chunk             |     2 |    11 |    24 ||    37
       Bread ration      |       |       |     1 ||     1
       Fruit             |       |       |     1 ||     1
Armor: Skin              |    34 |    43 |    89 ||   166
Dodge: Dodged            |   101 |    74 |   166 ||   341
       Rpst.: Long sword |     7 |    16 |    43 ||    66
